Cogmind - Beta 15 @@@ ROGUE MODE // 2025.07.02 @ 12:47:43 Player: BlobtheGreat Result: Destroyed by as-66655 with Assembled Heavy Rifle Performance ------------- Evolutions (0) 0 Regions Visited (4) 800 Robots Destroyed (39) 195 Value Destroyed (796) 796 Prototype IDs (23) 460 Alien Tech Used (0) 0 Bonus (314) 314 TOTAL SCORE: 2565 Bonus ------- Follower Combat Kills 57 Aligned with FarCom 300 Friendly Fire -43 Cogmind --------- Core Integrity 0/250 Matter 250/300 Energy 60/160 System Corruption 0% Temperature Cool (66) Movement Core (900) Ox17 Location -9/Mines Parts ------- > --- POWER (1) -------- Light Nuclear Core > --- PROPULSION (2) --- (None) > --- UTILITY (2) ------ Improved Heat Sink High-capacity Storage Unit > --- WEAPON (2) ------- EM Pulse Gun Beamcaster > --- INVENTORY (20) --- Ion Engine Fission Core Light Fission Core Light Treads Light Treads Light Treads Improved Heat Sink Large Storage Unit Structural Scanner Seismic Detector Light EM Pulse Cannon Light EM Pulse Cannon Light EM Pulse Cannon AWS/Autocannon Peak State ------------ > --- POWER ------------ Light Nuclear Core > --- PROPULSION ------- Compact Wheel > --- UTILITY ---------- Improved Heat Sink High-capacity Storage Unit > --- WEAPON ----------- EM Pulse Gun Beamcaster > --- INVENTORY -------- Ion Engine Fission Core Light Fission Core Light Treads Light Treads Light Treads Improved Heat Sink Large Storage Unit Structural Scanner Seismic Detector Light EM Pulse Cannon Light EM Pulse Cannon Light EM Pulse Cannon AWS/Autocannon [Rating: 19] Favorites ----------- Power Ion Engine Engine Ion Engine Power Core Light Nuclear Core Propulsion Light Treads Treads Light Treads Wheel Compact Wheel Utility High-capacity Storage Unit Device Improved Heat Sink Storage High-capacity Storage Unit Weapon EM Pulse Gun Energy Gun EM Pulse Gun Energy Cannon Light EM Pulse Cannon Launcher Grenade Launcher Build | -11 -10 -10 -10 -9 ------- Run | Yrd Mat Min Exi Min Slots Evolved . | . . . . . Power . | . . . . . Propulsion . | . . . . . Utility . | . . . . . Weapon . | . . . . . Parts Attached 25 | 7 6 7 . 5 Power 3 | 1 . 1 . 1 Engine 2 | 1 . 1 . . Core 1 | . . . . 1 Reactor . | . . . . . Propulsion 4 | 2 . 1 . 1 Treads 3 | 2 . 1 . . Leg . | . . . . . Wheel 1 | . . . . 1 Hover . | . . . . . Flight . | . . . . . Utility 8 | 2 4 2 . . Device 5 | 1 2 2 . . Storage 3 | 1 2 . . . Processor . | . . . . . Hackware . | . . . . . Protection . | . . . . . Artifact . | . . . . . Weapon 10 | 2 2 3 . 3 Energy Gun 7 | 2 1 2 . 2 Energy Cannon 2 | . 1 1 . . Ballistic Gun . | . . . . . Ballistic Cannon . | . . . . . Launcher 1 | . . . . 1 Special Weapon . | . . . . . Impact Weapon . | . . . . . Slashing Weapon . | . . . . . Piercing Weapon . | . . . . . Special Melee Weapon . | . . . . . Unidentified Prototypes . | . . . . . Parts Lost 14 | . 2 6 . 6 Power 2 | . . 1 . 1 Propulsion 4 | . . 1 . 3 Utility 2 | . 1 1 . . Weapon 6 | . 1 3 . 2 Highest Loss Streak 6 | . 2 4 . 6 To Critical Strikes . | . . . . . Average Backups 14 | 5 14 18 17 17 Power 1 | . 1 1 2 3 Propulsion 5 | 3 6 7 5 3 Utility 3 | . 2 4 4 4 Weapon 4 | . 3 5 5 5 Tool/Special . | . . . . . Unused Backups 12 | . . . 3 9 Power 1 | . . . . 1 Propulsion 6 | . . . 3 3 Utility 2 | . . . . 2 Weapon 3 | . . . . 3 Tool/Special . | . . . . . Average Slot Usage (%) 98 | . 98 99 100 98 Engine 13 | . 14 13 14 13 Treads 27 | . 28 27 28 26 Device 13 | . 12 13 14 14 Storage 14 | . 14 14 14 14 Energy Gun 15 | . 18 13 14 14 Energy Cannon 11 | . 8 13 14 13 Peak Build Rating 19 | 7 12 12 16 19 Average Rating 10 | 6 8 11 13 15 On Entrance 9 | . 7 12 12 16 Naked Turns . | . . . . . Heaviest Build 52 | 15 52 52 52 52 Greatest Support 40 | 40 40 40 40 40 Greatest Overweight (x) 2 | . 1 1 1 2 Average Overweight (x) . | . . 1 1 1 Largest Inventory Capacity 20 | 8 20 20 20 20 Average Capacity 16 | 7 16 20 20 20 Most Carried 20 | 7 20 20 20 20 Average Carried 15 | 5 14 18 18 19 Final Capacity 20 | 8 20 20 20 20 Final Carried 20 | 7 20 18 20 16 Class Distribution -------------------- 100% | Mutant Dominant Class ---------------- Mutant | -10/Materials Mutant | -10/Mines Mutant | -10/Exiles Mutant | -9/Mines Resources | -11 -10 -10 -10 -9 ----------- Run | Yrd Mat Min Exi Min Matter Collected 376 | 246 60 70 . . Remotely . | . . . . . Salvage Created 1268 | 143 746 227 . 152 Parts 65 | 11 35 13 . 6 Haulers Intercepted 2 | . 2 . . . Recyclers Shooed . | . . . . . Parts Field Recycled . | . . . . . Retrieved Matter . | . . . . . Parts Self-Destructed . | . . . . . Prevented . | . . . . . Kills | -11 -10 -10 -10 -9 ------- Run | Yrd Mat Min Exi Min Combat Hostiles Destroyed 25 | . 13 7 . 5 Guns 12 | . 7 2 . 3 Cannons 7 | . 2 5 . . AOE 4 | . 3 . . 1 Classes Destroyed 9 | 3 5 . . 1 Worker 4 | 2 2 . . . Tunneler 6 | 6 . . . . Hauler 2 | . 2 . . . Recycler 1 | 1 . . . . Operator 1 | . 1 . . . Watcher 2 | . 2 . . . Swarmer 7 | . 3 4 . . Grunt 16 | . 10 3 . 3 Assembled 2 | . . . . 2 Best Kill Streak 4 | 2 4 4 . 3 Combat Bots Only 4 | . 3 4 . 3 Max Kills in Single Turn 2 | 2 2 1 . 1 Gunslinging 1 | . 1 . . . Exploded 2 | . 2 . . 1 Melee . | . . . . . Uniques/NPCs Destroyed . | . . . . . Combat | -11 -10 -10 -10 -9 -------- Run | Yrd Mat Min Exi Min Hostile Shots Fired 110 | . 34 38 . 38 Missed 26 | . 6 10 . 10 Hits 84 | . 28 28 . 28 Projectile 84 | . 28 28 . 28 AOE 8 | . . . . 8 Critical Strikes 1 | . 1 . . . Damage Taken 1390 | 31 391 265 . 703 Core 255 | . 64 12 . 179 Absorbed by Shields . | . . . . . Core Remaining (%) 100 | 100 . . . . Volleys Fired 71 | 6 38 14 . 13 Largest 2 | 2 2 2 . 2 Hottest 115 | 80 96 96 . 115 Shots Fired 133 | 12 73 25 . 23 Gun 95 | 12 56 13 . 14 Cannon 35 | . 17 12 . 6 Launcher 3 | . . . . 3 Special . | . . . . . Kinetic . | . . . . . Thermal 4 | . . . . 4 Explosive 3 | . . . . 3 Electromagnetic 126 | 12 73 25 . 16 Robot Hit Streak 12 | 11 12 7 . 6 Robot Miss Streak 3 | . 3 2 . 3 Penetration Max . | . . . . . Secondary Targets 3 | . 2 . . 1 Max Gunslinging Chain 1 | . 1 . . 1 Shots Hit Robots 85 | 11 45 14 . 15 Core Hits 58 | 13 25 9 . 11 Critical Kills . | . . . . . Critical Parts Destroyed . | . . . . . Critical Strikes 1 | . 1 . . . Corrupt 1 | . 1 . . . Melee Attacks . | . . . . . Impact . | . . . . . Slashing . | . . . . . Piercing . | . . . . . Sneak Attacks . | . . . . . Combat Hostiles . | . . . . . Follow-up Attacks . | . . . . . Damage Inflicted 2167 | 397 1046 300 . 424 Guns 861 | 133 508 100 . 120 Cannons 675 | . 334 200 . 141 Explosions 559 | 192 204 . . 163 Melee . | . . . . . Ramming 72 | 72 . . . . Kinetic . | . . . . . Thermal 496 | 192 204 . . 100 Explosive 104 | . . . . 104 Electromagnetic 1495 | 133 842 300 . 220 Impact . | . . . . . Slashing . | . . . . . Piercing . | . . . . . Highest Corruption . | . . . . . Average Corruption . | . . . . . Corruption Purged . | . . . . . Corruption Blocked . | . . . . . Overload Shots . | . . . . . Overflow Damage 41 | 11 25 . . 5 Projectiles 25 | . 25 . . . Explosions 16 | 11 . . . 5 Melee . | . . . . . Knockbacks . | . . . . . Impact . | . . . . . Kinetic . | . . . . . Secondary . | . . . . . Self-Inflicted Damage 160 | 31 58 . . 71 Shots 6 | 2 2 . . 2 Rammed 34 | 34 . . . . Targets Rammed 36 | 36 . . . . Kicked . | . . . . . Crushed 2 | 2 . . . . Highest Temperature 136 | 48 108 136 . 66 Average Temperature 40 | 21 40 59 . 31 Received Heat Transfer 285 | . 174 51 . 60 Siege Activations . | . . . . . Martial Activations . | . . . . . Shielding Activations . | . . . . . Robots Disrupted . | . . . . . Combat Hostiles . | . . . . . Robots Corrupted 3 | . 2 . . 1 Combat Hostiles 2 | . 1 . . 1 Parts Fried 5 | . 4 . . 1 Impact Corruptions . | . . . . . Robots Melted . | . . . . . Combat Hostiles . | . . . . . Parts Melted 1 | 1 . . . . Heat Transferred 624 | 300 200 . . 124 Parts Sabotaged . | . . . . . Parts Stolen . | . . . . . Parts Stripped . | . . . . . Power Chain Reactions 8 | 4 3 . . 1 Alert | -11 -10 -10 -10 -9 ------- Run | Yrd Mat Min Exi Min Maximum Alert Level . | . . . . . Low Security (%) 100 | 100 100 100 . 100 Level 1 . | . . . . . Level 2 . | . . . . . Level 3 . | . . . . . Level 4 . | . . . . . Level 5 . | . . . . . High Security . | . . . . . Max Security . | . . . . . Peak Influence 88 | 10 79 88 . 71 Initial 3 | . . 3 . . Average 17 | . 21 25 . 11 Influence Increases 844 | 45 423 296 . 80 Destroy 0b10 Robot/C 520 | . 260 200 . 60 Destroy 0b10 Robot/NC 80 | 45 35 . . . Destroy Leader 118 | . 68 40 . 10 Allied During Kill 11 | . . 11 . . Successful Hack 51 | . 51 . . . Destroy Structure 19 | . 9 . . 10 Lose Combat Pursuer 45 | . . 45 . . Influence Decreases 844 | 45 415 292 12 80 Entered New Map 17 | . . 5 12 . Time Decay 636 | 45 326 194 . 71 Lost Part 82 | . 20 53 . 9 Lost Ally 40 | . . 40 . . Purge Threat 69 | . 69 . . . Squads Dispatched 3 | . 2 1 . . Investigation 2 | . 2 . . . Extermination . | . . . . . Reinforcement . | . . . . . Assault 1 | . . 1 . . Garrison . | . . . . . Intercept . | . . . . . Searches Triggered . | . . . . . Construction Impeded . | . . . . . Haulers Reinforced . | . . . . . Active Scanning Responses . | . . . . . Cargo Convoy Interrupts . | . . . . . Stealth | -11 -10 -10 -10 -9 --------- Run | Yrd Mat Min Exi Min Distress Signals 2 | . 2 . . . Communications Jammed . | . . . . . Distress Signals . | . . . . . Times Spotted 45 | . 21 14 . 10 Peak Tracking Total 6 | . 3 6 . 5 Tactical Retreats 2 | . . 2 . . Traps | -11 -10 -10 -10 -9 ------- Run | Yrd Mat Min Exi Min Traps Triggered 2 | . 2 . . . Indirectly . | . . . . . Trap Hack Attempts . | . . . . . Triggered . | . . . . . Disarmed . | . . . . . Reprogrammed . | . . . . . Reused . | . . . . . Traps Extracted . | . . . . . Installed . | . . . . . Triggered . | . . . . . Machines | -11 -10 -10 -10 -9 ---------- Run | Yrd Mat Min Exi Min Machines Disabled . | . . . . . Max in Single Turn . | . . . . . Machines Repaired . | . . . . . Machines Dismantled . | . . . . . Machines Sabotaged . | . . . . . Overloaded Fab Kills . | . . . . . Hacking | -11 -10 -10 -10 -9 --------- Run | Yrd Mat Min Exi Min Machines Accessed 12 | . 9 . 1 2 Terminals 10 | . 8 . . 2 Fabricators . | . . . . . Repair Stations 1 | . 1 . . . Recycling Units . | . . . . . Scanalyzers . | . . . . . Garrison Access . | . . . . . Total Hacks 29 | . 25 . 1 3 Successful 17 | . 15 . 1 1 Failed 12 | . 10 . . 2 Catastrophic 2 | . 2 . . . Database Lockouts . | . . . . . Manual 19 | . 16 . 1 2 Terminals 26 | . 23 . . 3 Fabricators . | . . . . . Repair Stations 2 | . 2 . . . Recycling Units . | . . . . . Scanalyzers . | . . . . . Garrison Access . | . . . . . Terminal Hacks 9 | . 7 . 1 1 Record 1 | . 1 . . . Robot Analysis 2 | . 2 . . . Terminal Index 1 | . 1 . . . Alert Level 1 | . . . . 1 Unreport Threat 1 | . 1 . . . Transport Status 1 | . 1 . . . Registered Components 1 | . 1 . . . Proto ID Catalog 1 | . . . 1 . Fabricator Hacks . | . . . . . Repair Station Hacks 1 | . 1 . . . Scan Component 1 | . 1 . . . Recycling Unit Hacks . | . . . . . Scanalyzer . | . . . . . Garrison Access Hacks . | . . . . . Unauthorized Hacks 7 | . 7 . . . Terminals 7 | . 7 . . . Botnet 1 | . 1 . . . Skim 6 | . 6 . . . Fabricators . | . . . . . Repair Stations . | . . . . . Recycling Units . | . . . . . Scanalyzers . | . . . . . Garrison Access . | . . . . . Data Cores Recovered . | . . . . . Used . | . . . . . Hacking Detections 10 | . 8 . . 2 Full Trace Events 1 | . 1 . . . Feedback Events . | . . . . . Feedback Blocked . | . . . . . Robot Schematics Acquired . | . . . . . Robots Built . | . . . . . Authchips . | . . . . . Time . | . . . . . Total Robot Build Rating . | . . . . . Part Schematics Acquired . | . . . . . Parts Built . | . . . . . Authchips . | . . . . . Time . | . . . . . Total Part Build Rating . | . . . . . Parts Repaired . | . . . . . Time . | . . . . . Parts Recycled . | . . . . . Recycled Matter . | . . . . . Retrieved Matter . | . . . . . Retrieved Components . | . . . . . Parts Scanalyzed . | . . . . . Part Schematics Acquired . | . . . . . Parts Damaged . | . . . . . Bothacking | -11 -10 -10 -10 -9 ------------ Run | Yrd Mat Min Exi Min Used RIF Installer . | . . . . . Robots Hacked . | . . . . . Non-combat . | . . . . . Combat . | . . . . . Robot Hacks Applied . | . . . . . Relay Couplers Released . | . . . . . Fabnet Peak Effective % . | . . . . . Robots Rewired . | . . . . . Allies Hacked . | . . . . . Hacks Repelled . | . . . . . Allies | -11 -10 -10 -10 -9 -------- Run | Yrd Mat Min Exi Min Total Allies 3 | . . 3 . . Largest Group 2 | . . 2 1 . Highest-Rated Group 39 | . . 39 31 . Highest-Rated Ally 31 | . . 31 31 . Total Orders . | . . . . . Ally Attacks 15 | . . 15 . . Total Damage 209 | . . 209 . . Kills 3 | . . 3 . . Allies Corrupted . | . . . . . Allies Melted . | . . . . . Intel | -11 -10 -10 -10 -9 ------- Run | Yrd Mat Min Exi Min Active Infowar (turns) 742 | 197 288 257 . . Seismic 742 | 197 288 257 . . Robot Analysis Total 2 | . 2 . . . Derelict Logs Recovered 2 | . . 1 . 1 Drone Launches . | . . . . . Drone Recoveries . | . . . . . Exploration | -11 -10 -10 -10 -9 ------------- Run | Yrd Mat Min Exi Min Turns Passed 3698 | 611 1182 872 598 435 Spaces Moved 1562 | 330 524 296 248 164 Core 8 | 8 . . . . Treads 1553 | 322 524 296 248 163 Legs . | . . . . . Wheels 1 | . . . . 1 Hover . | . . . . . Flight . | . . . . . Fastest Speed 50 | 50 160 240 240 130 Average Speed 208 | 157 198 240 240 239 Slowest Speed 240 | 160 240 240 240 240 Overloaded Moves . | . . . . . Propulsion Burnouts . | . . . . . Robots Hopped . | . . . . . Potential Cave-ins . | . . . . . Cave-ins Triggered . | . . . . . Exploration Rate (%) 49 | 14 85 66 42 38 Regions Visited 4 Branch Regions 3 Pre-discovered Areas 2 | . 2 . . . Known Exits Taken 1 | . . 1 . . Unknown Exits Taken 3 | 1 1 . 1 . Scrap Searched 2 | . . 1 . 1 Spaces Dug 10 | . . . . 10 Terrain Destroyed 36 | 13 10 . . 13 Melee . | . . . . . Projectile . | . . . . . AOE 36 | 13 10 . . 13 Terrain Rammed . | . . . . . Walls Destroyed . | . . . . . Machines Disabled . | . . . . . Actions | -11 -10 -10 -10 -9 --------- Run | Yrd Mat Min Exi Min Total 1850 | 385 595 433 253 184 Wait 126 | . 11 113 . 2 Move 1558 | 329 523 295 247 164 Hop . | . . . . . Pick Up 28 | 7 14 4 3 . Fast Attach 8 | 7 1 . . . Attach 12 | . 2 6 . 4 Detach . | . . . . . Swap 5 | . 3 1 . 1 Drop 6 | . 3 . 3 . Fire 71 | 6 38 14 . 13 Melee . | . . . . . Ram . | . . . . . Kick . | . . . . . Crush 36 | 36 . . . . Escape Stasis . | . . . . . Rewire . | . . . . . Trap . | . . . . . Miscellaneous . | . . . . . Route ------- -11/Scrapyard -10/Materials (discovered 5 exits: *Mat x3 / [*Min] / Sub) -10/Mines (discovered 4 exits: *Mat x2 / *Exi / *Sub) -10/Exiles -9/Mines (discovered 1 exit: [*Mat]) History --------- Turn | Location | Event 4 | -11/Scrapyard | Discovered new exit (range 16) 612 | -11/Scrapyard | Entered Materials 613 | -10/Materials | Build established: Mutant 782 | -10/Materials | Discovered new exit (range 4) 976 | -10/Materials | Discovered new exit (range 12) 1207 | -10/Materials | Discovered new exit (range 15) 1291 | -10/Materials | Learned 2 Mines zone layouts 1324 | -10/Materials | Identified exit to Subcaves 1364 | -10/Materials | Loaded intel: 8 terminal locations 1369 | -10/Materials | Learned 2 Mines zone layouts 1370 | -10/Materials | Learned location of Mines (-9) 1371 | -10/Materials | Identified exit to Materials 1371 | -10/Materials | Learned location of 1 exit from Materials 1372 | -10/Materials | Learned location of Mines (-10) 1379 | -10/Materials | Learned 2 Mines zone layouts 1394 | -10/Materials | Learned 2 Storage zone layouts 1417 | -10/Materials | Learned location of 2 exits from Materials 1794 | -10/Materials | Entered Mines 1795 | -10/Mines | Identified exit to Exiles 1934 | -10/Mines | Met a Derelict testing a Signal Generator 2330 | -10/Mines | Lost 4 parts (1n1u2w) 2348 | -10/Mines | Discovered exit to Materials (range 5) 2388 | -10/Mines | Learned 2 Materials zone layouts 2571 | -10/Mines | Deemed a non-threat by the Exiles lab entrance 2666 | -10/Mines | Entered Exiles 2666 | -10/Exiles | Accompanied by 1 ally 2696 | -10/Exiles | Led the pair of lost Derelicts to a safe place 2702 | -10/Exiles | Discovered new exit (range 15) 2731 | -10/Exiles | Met 8R-AWN 2765 | -10/Exiles | Met EX-HEX 2839 | -10/Exiles | Met EX-BIN 2866 | -10/Exiles | Aligned with FarCom system 2868 | -10/Exiles | Given EX-Vault access code 2928 | -10/Exiles | Opened EX-Vault 2945 | -10/Exiles | Found AWS/Autocannon 2995 | -10/Exiles | Warned to stay clear of 0b10 Research branches 3264 | -10/Exiles | Left Exiles lab with AWS/Autocannon 3264 | -10/Exiles | Entered Mines 3364 | -9/Mines | Learned Materials security intel 3477 | -9/Mines | Discovered new exit (range 12) 3648 | -9/Mines | Assembled infested the area 3680 | -9/Mines | Core integrity fell below 50% 3687 | -9/Mines | Core integrity fell below 20% 3699 | -9/Mines | Destroyed by as-66655 with Assembled Heavy Rifle Last Messages --------------- payload. 03676_ D-53 Grenadier unfolds itself. 03677_ Lgt. Treads destroyed. 03679_ EM Pulse Gun destroyed. 03679_ Lgt. Treads destroyed. 03679_ Destroyed Lgt. Treads. 03681_ D-53 Grenadier destroyed. 03681_ as-33404 destroyed. 03682_ Grenade Launcher destroyed. 03684_ Ion Engine destroyed. 03684_ D-53 Grenadier destroyed. 03687_ The unstable cave ceiling collapses. 03690_ U-05 Engineer lays Concrete. 03691_ The unstable cave ceiling collapses. 03692_ U-05 Engineer lays Concrete. 03695_ U-05 Engineer builds a Wall. 03697_ as-38477 destroyed. 03697_ Switching to secondary target: as-66655. 03698_ Com. Wheel destroyed. 03699_ U-05 Engineer lays Concrete. Map ----- +----------------------------------------------------+ | ?????????????????????????????????????????? | | ?????????????????????????????????????????? | | ?????????????????????????????????????????? | | ?????????????????????????????????????????? | | ?????????????????????????????????????????? | | ?????????????????????????????????????????? | | ?????????????????????????????????????????? | | ?????????????????????????????????????????? | | ?????????????????????????????????????????? | | ?????????????????????????????????????????? | | ?????????????????????????????????????????? | | ?????????????????????????????????????????? | | ???????????????????????####??????????????? | | ???????????????????????# ??????????????? | | ????????????????????#??# ??????????????? | | ????????????????????# ?# #??????????????? | | ????????????????????#*?# ??????????????? | | ???????????????????##a## ##?????????????? | | ???????????????????# % #????###??????? | | ???????????????????? ==! ##?## ##?????? | | ???????????????????## ## ###???? | | ???????????????????# ##??? | | ???????????????????# # ##?? | | ??????? ?????# #?? | | #?????? #????## # t #?? | | #?????? #????# @ ###????????? | | #????## #????# # #??????????? | | ##???# #????## # ##??????????? | | #???# ##????## u ##???????????? | | #???# #?????## t###????????????? | | #???# #?????# #??????????????? | | #??## ####### ##?????????????? | | #??? ##????????????? | | #???? #????????????? | | # #????? ######### #????????????? | | # #?????? #?????????# ##????????????? | | ######## #?????????# ##?????#####???? | | #???????### ####### #???? | | ######## #??###### ## #???? | | #??????# #?## ## #????? | | ##??????# ### ! ## # #???? | | #???????# % ## ##?###?????? | | ##???????# #### ###??????????? | | ##????????############??#####????????????? | | ?????????????????????????????????????????? | | ?????????????????????????????????????????? | | | | | | | | | +----------------------------------------------------+ Best States ------------- Heat Dissipation 39 Energy Generation 14 Energy Capacity 250 Matter Stores 300 Matter Capacity 300 Sight Range 16 Terrain Scan Density 10 Evasion (%) 40 Recoil Reduction 2 Item Schematics ----------------- None Robot Schematics ------------------ None Fabricated ------------ Nothing Repaired ---------- Nothing Alien Tech Used ----------------- None Achievements -------------- None Challenges ------------ None Game ------ Seed ParticleBurstEdition Manual? 0 Play Time 00:19:11 Cumulative 55.5 hours Start 2025.07.02 @ 12:28:51 End 2025.07.02 @ 12:47:43 Sessions 1 Manual Loads 0 Difficulty Rogue Special Mode None Game No. 51 Rogue 51 Adventurer 0 Explorer 0 Win Type - Total 1 Types 1/0/0/0/0/0/0/0/0/0 Lore% 38 Gallery% 34 Achievement% 36 Wizard Run 0 Options --------- Layout 1 ASCII 0 Keyboard 1 Movement Arrows Keybinds 0 Fullscreen 1 Font 24/Smallcaps Map View 50x40 Zoom Use 0% Tactical HUD 1 Map Filters NONE Filters NONE Steam 1 RUN: 05cd725f-976a-49c5-8fa6-7cbc3aeae07a